 Dungeon Crawl Stone Soup version 0.32-a0-540-g866d13106e (webtiles) character file.

Game seed: 10426278144841934799

23 grandjackal the Ducker (level 2, 0/23 HPs)
             Began as a Demonspawn Gladiator on Feb 29, 2024.
             Succumbed to an adder's poison
             ... on level 2 of the Dungeon.
             The game lasted 00:01:04 (946 turns).

grandjackal the Ducker (Demonspawn Gladiator)        Turns: 946, Time: 00:01:05

Health: 0/23       AC:  4    Str: 14    XL:     2   Next: 72%
Magic:  2/2        EV: 12    Int:  8    God:
Gold:   35         SH:  0    Dex: 14    Spells: 1/1 levels left

rFire   . . .        a - +0 long sword
rCold   . . .        (no shield)
rNeg    . . .        b - +0 leather armour
rPois   .            c - +0 helmet
rElec   .            (no cloak)
rCorr   .            (no gloves)
SInv    .            (no boots)
Will    .....        (no amulet)
Stlth   +            (no ring)
HPRegen 0.23/turn    (no ring)
MPRegen 0.08/turn

%: no passive effects
@: lethally poisoned (0 -> -10)
A: weakness stinger 1
a: no special abilities


You were on level 2 of the Dungeon.
You visited 1 branch of the dungeon, and saw 2 of its levels.

You collected 35 gold pieces.

Inventory:

Hand Weapons
 a - a +0 long sword (weapon)
Missiles
 d - 3 throwing nets (quivered)
 e - a javelin
Armour
 b - a +0 leather armour (worn)
 c - a +0 helmet (worn)
Potions
 f - a potion of degeneration {unknown}


   Skills:
 + Level 2.4 Fighting
 - Level 3.0 Long Blades
 - Level 2.0 Throwing
 + Level 0.0 Armour
 - Level 3.0 Dodging


You had one spell level left.
You didn't know any spells.
Your spell library was empty.

Dungeon Overview and Level Annotations

Branches:
Dungeon (2/15)

Altars:

Shops:
D:2 (


Innate Abilities, Weirdness & Mutations

You have a small tail.


Message History

You can access your shopping list by pressing '$'.
Found a stone staircase leading up.
There is a stone staircase leading up here.
A hobgoblin comes into view.
The hobgoblin shouts!
A hobgoblin is nearby!
The hobgoblin hits you but does no damage.
You barely miss the hobgoblin.
An adder comes into view.
The hobgoblin hits you. x2
The adder hisses angrily.
You hit the hobgoblin.
You kill the hobgoblin!
The adder barely misses you.
You barely miss the adder.
Your tail-slap misses the adder.
The adder closely misses you. The adder bites you.
You are poisoned.
The adder poisons you!
You closely miss the adder.
You feel sick. The adder completely misses you. The adder barely misses you.
You closely miss the adder.
You feel sick. The adder bites you.
You are more poisoned.
The adder poisons you!
You are too injured to fight recklessly!
You are too injured to fight recklessly!
You are too injured to fight recklessly!
You feel sick. The adder attacks as it pursues you!
The adder closely misses you. The adder bites you but does no damage.
You barely miss the adder.
You feel sick. The adder bites you but does no damage.
You closely miss the adder.
* * * LOW HITPOINT WARNING * * *
You feel sick. The adder bites you.
* * * LOW HITPOINT WARNING * * *
The adder bites you.
* * * LOW HITPOINT WARNING * * *
You are more poisoned.
The adder poisons you!
You miss the adder.
Your tail-slap misses the adder.
You die...

##.#####.#
##..#####.#####
####.............#
........###.###.#
##.##..#.###.# #.#
.#.##........###.##
..<...##.######...#
.#.#####.# #...#
##.#####.# #.@.#
.........# ##S##
####.....# #.# ..#
.###.# #.# ..# #
#.# ..# ..# #.# ###
..# ..# ###


You could see an adder.

Vanquished Creatures
  A dart slug (D:1)
  An endoplasm (D:1)
  5 goblins (D:1)
  3 hobgoblins
  4 quokkas
  2 bats (D:1)
  A kobold (D:1)
17 creatures vanquished.

Notes
Turn   | Place    | Note
-------+----------+-------------------------------------------
     0 | D:1      | grandjackal the Demonspawn Gladiator began the quest for
                  | the Orb.
     0 | D:1      | Reached XP level 1. HP: 16/16 MP: 1/1
    25 | D:1      | Found a faded altar of an unknown god.
   181 | D:1      | Gained mutation: You have a small tail. [demonic ancestry]
   181 | D:1      | Reached XP level 2. HP: 22/22 MP: 2/2
   862 | D:2      | Found Tig Qedu's Weapon Boutique.
   946 | D:2      | Succumbed to an adder's poison

Illustrated notes

Levels and vault maps discovered:
D:1:      scummos_arrival_simple_crosswalls, layout_basic,
          ebering_ecumenical_altar_box
D:2:      cheibrodos_pilgrimage, layout_loops_cross, serial_shops, shop

Skill      XL: |  1  2 |
---------------+-------+-----
Throwing       | 2 |  2.0
Dodging        | 3 |  3.0
Long Blades    | 3 |  3.0
Fighting       | |  2.4

Action                     || total
---------------------------++-------
  Melee: Long sword        ||    42
         Tailslap          ||     2
 Armour: Leather armour    ||    28
  Dodge: Dodged            ||    22

Table legend: (Time is in decaauts)
 A = Elapsed time spent in this place.
 B = Non-inter-level travel time spent in this place.
 C = Inter-level travel time spent in this place.
 D = Time resting spent in this place.
 E = Time spent auto-exploring this place.
 F = Levels seen in this place.
 G = Mean time per level.
                   A        B        C        D        E       F      G
               +--------+--------+--------+--------+--------+-----+--------+
         Total |    956 |    919 |     37 |      0 |    771 |   2 |  478.0 |
       Dungeon |    956 |    919 |     37 |      0 |    771 |   2 |  478.0 |
               +--------+--------+--------+--------+--------+-----+--------+

Top non-repeatable levels by time:
     D:1: 869 daAuts
     D:2: 86 daAuts
